 Dungeon Crawl Stone Soup version 0.29-a0-838-g385bb11a5b (webtiles) character file.

Game seed: 5378476097273282868

1731 jimonade the Skirmisher (level 8, -8/44 HPs)
             Began as a Spriggan Hunter on July 13, 2022.
             Was a Follower of Okawaru.
             Killed from afar by an orc wizard (13 damage)
             ... with a puff of flame
             ... on level 6 of the Dungeon on July 14, 2022.
             The game lasted 00:16:21 (9020 turns).

jimonade the Skirmisher (Spriggan Hunter)           Turns: 9020, Time: 00:16:21

Health: -8/44      AC:  2    Str:  7    XL:     8   Next: 76%
Magic:  16/17      EV: 19    Int: 11    God:    Okawaru [*.....]
Gold:   324        SH:  0    Dex: 20    Spells: 17/17 levels left

rFire   . . .      SeeInvis +   a - +0 shortbow
rCold   . . .      Faith    .   (shield currently unavailable)
rNeg    . . .      Spirit   .   c - +0 robe
rPois   .          Reflect  .   (helmet restricted)
rElec   .          Harm     .   (no cloak)
rCorr   .          Rampage  .   (gloves unavailable)
Will    +....                   (boots unavailable)
Stlth   +++.......              (no amulet)
HPRegen 0.14/turn               (no ring)
MPRegen 0.15/turn               (no ring)

@: studying Ranged Weapons, very quick
A: very small, no large weapons, unfitting armour, see invisible, speed 3
a: Renounce Religion, Heroism


You were on level 6 of the Dungeon.
You worshipped Okawaru.
Okawaru was aware of your devotion.
You visited 2 branches of the dungeon, and saw 7 of its levels.

You collected 324 gold pieces.

Inventory:

Hand Weapons
 a - a +0 shortbow (weapon)
 b - the +10 war axe of Gehof {protect, rPois Dex+7}
   (You took it off an orc on level 5 of the Dungeon)

   It grants its wielder temporary protection when it strikes (+7 to AC).
   Dex:       It affects your dexterity (+7).
   rPois:     It protects you from poison.
 f - a +0 spear
 l - a +0 dagger of distortion
 n - a +0 dagger
 y - a +0 vorpal hand axe
 E - a +1 hand axe of venom
 J - a +3 dagger of venom
Missiles
 i - 5 silver javelins
 o - 75 stones
 z - 5 boomerangs
 K - 5 poisoned darts
Armour
 c - a +0 robe (worn)
Magical Staves
 j - a staff of death
 x - a staff of conjuration
Jewellery
 u - a ring of ice
Wands
 F - a wand of polymorph (8)
Scrolls
 d - 7 scrolls of teleportation
 g - a scroll of magic mapping {unknown}
 m - 6 scrolls of identify
 p - 2 scrolls of enchant armour {unknown}
 r - a scroll of poison {unknown}
 A - a scroll of amnesia {unknown}
 B - a scroll of fear {unknown}
 D - 3 scrolls of fog {unknown}
 G - 2 scrolls of immolation
Potions
 e - a potion of curing {unknown}
 h - a potion of attraction {unknown}
 k - 4 potions of lignification
 q - a potion of heal wounds
 s - a potion of haste {unknown}
 t - a potion of ambrosia {unknown}
 v - a potion of flight {unknown}
 w - a potion of berserk rage {unknown}
 C - a potion of brilliance {unknown}
 H - a potion of degeneration {unknown}
 I - a potion of invisibility {unknown}


   Skills:
 * Level 5.4 Fighting
 + Level 9.7 Ranged Weapons
 + Level 4.1 Dodging
 + Level 2.9 Stealth
 * Level 5.4 Spellcasting


You had 17 spell levels left.
You didn't know any spells.
Your spell library contained the following spells:

 Spells                   Type           Power      Damage    Failure   Level
 Magic Dart               Conj           8%         1d3       21%         1
 Searing Ray              Conj           4%         2d4       30%         2
 Fulminant Prism          Conj/Hex       1%         3d6       90%         4
 Summon Ice Beast         Ice/Summ       Unusable   N/A       N/A         4
 Summon Mana Viper        Hex/Summ       Unusable   N/A       N/A         5
 Monstrous Menagerie      Summ           Unusable   N/A       N/A         7

Dungeon Overview and Level Annotations

Branches:
Dungeon (6/15)             Temple (1/1) D:5

Altars:
Ashenzari
Cheibriados
Dithmenos
Elyvilon
Fedhas
Hepliaklqana
Kikubaaqudgha
Makhleb
Nemelex Xobeh
Okawaru
Qazlal
Ru
Sif Muna
Uskayaw
Vehumet
Xom
Zin

Shops:
D:3 (

Annotations:
D:3 exclusion: downstairs
D:4 exclusion: downstairs


Innate Abilities, Weirdness & Mutations

You are very small and have problems with some larger weapons.
You are too small for most types of armour.
You have supernaturally acute eyesight. (SInv)
You cover ground extremely quickly. (Speed+++)


Message History

You are too injured to fight recklessly!
You are too injured to fight recklessly!
You are too injured to fight recklessly!
You are too injured to fight recklessly!
You are too injured to fight recklessly!
Unknown command.
Fire: a) +0 shortbow
Press: ? - help, Q - select action, (/) - cycle Shift-Dir - straight line, f/p - steam dragon
Aim: a steam dragon (moderately wounded, 68% to hit)
You shoot an arrow. The arrow hits the steam dragon.
The steam dragon is heavily wounded.
The steam dragon breathes steam at you. The ball of steam misses you.
The orc wizard casts a spell.
The orc wizard flickers and vanishes for a moment.
Fire: a) +0 shortbow
Press: ? - help, Q - select action, (/) - cycle Shift-Dir - straight line, f/p - steam dragon
Aim: a steam dragon (heavily wounded, catching its breath, 68% to hit)
You shoot an arrow. The arrow hits the steam dragon!
The steam dragon is almost dead.
You are engulfed in a cloud of scalding steam.
The steam dragon bites you!
* * * LOW HITPOINT WARNING * * *
The steam dragon misses you.
You are engulfed in a cloud of scalding steam.
* * * LOW HITPOINT WARNING * * *
Fire: a) +0 shortbow
Press: ? - help, Q - select action, (/) - cycle Shift-Dir - straight line, f/p - steam dragon
Aim: a steam dragon (almost dead, catching its breath, 68% to hit)
You shoot an arrow. The arrow hits the steam dragon.
You kill the steam dragon!
Okawaru accepts your kill.
Fire: a) +0 shortbow
Press: ? - help, Q - select action, (/) - cycle Shift-Dir - straight line, f - orc wizard
Aim: an orc wizard, wielding a +0 dagger and wearing a +0 robe (slightly transparent, 62% to hit)
You shoot an arrow.
The arrow closely misses the orc wizard.
The orc wizard points at you and mumbles some strange words.
The puff of flame hits you!
You die...

...........### ######
##.###....... .. .....
#.#...## ....###.#.#
#.#...# .D.o....#.#
#.###†#...# ..oJ###.#.#
#.........# o #.#.#
#####.#..##
#o#.###########.#..###
##.#..@................
#..o..))).###..........
#.#######..............
#.# #####.##....### #.#
#.###.#)# # #.# #.#
#.#.# # #.# #.###.#.###
#.# #.##..[.... #.#
#.##......#


You could see an orc wizard (invisible).

Vanquished Creatures
  A steam dragon (D:6)
  Edmund (D:6)
  3 black bears
  A centaur (D:5)
  An ogre (D:5)
  2 necrophages
  3 scorpions
  A howler monkey (D:5)
  A jelly (D:6)
  4 hounds
  6 orc priests
  2 orc wizards
  3 iguanas
  12 adders
  A shadow imp (D:4)
  A white imp (D:4)
  An ufetubus (D:4)
  A worm (D:5)
  4 dart slugs
  29 orcs
  6 ball pythons
  4 endoplasms
  5 giant cockroaches
  11 goblins
  7 hobgoblins
  12 jackals
  2 quokkas
  5 bats
  5 frilled lizards
  6 kobolds
  4 rats
145 creatures vanquished.

Notes
Turn   | Place    | Note
-------+----------+-------------------------------------------
     0 | D:1      | jimonade the Spriggan Hunter began the quest for the Orb.
     0 | D:1      | Reached XP level 1. HP: 10/10 MP: 2/2
   229 | D:1      | Reached skill level 1 in Spellcasting
   229 | D:1      | Reached XP level 2. HP: 15/15 MP: 2/4
   540 | D:1      | Reached XP level 3. HP: 18/18 MP: 6/6
   571 | D:1      | Found a faded altar of an unknown god.
  1767 | D:2      | Reached XP level 4. HP: 21/23 MP: 7/7
  1931 | D:2      | Reached skill level 5 in Ranged Weapons
  2516 | D:2      | Identified the +2 scale mail of Nakutear {Dex+2}
  2701 | D:3      | Reached XP level 5. HP: 24/26 MP: 9/9
  3496 | D:3      | Found Woilok's Antique Weapon Shoppe.
  4341 | D:4      | Reached XP level 6. HP: 32/32 MP: 11/11
  4480 | D:4      | Reached skill level 6 in Ranged Weapons
  5475 | D:5      | Entered Level 5 of the Dungeon
  6175 | D:5      | Reached XP level 7. HP: 37/37 MP: 13/13
  6704 | D:5      | Reached skill level 7 in Ranged Weapons
  7368 | D:5      | Reached XP level 8. HP: 36/42 MP: 15/15
  7509 | D:5      | Found a staircase to the Ecumenical Temple.
  7525 | Temple   | Entered the Ecumenical Temple
  7575 | Temple   | Became a worshipper of Warmaster Okawaru
  7583 | D:5      | Identified the +10 war axe of Gehof {protect, rPois Dex+7}
  7985 | D:4      | Reached skill level 8 in Ranged Weapons
  8499 | D:5      | Found a glowing silver altar of Zin.
  8794 | D:6      | Reached skill level 5 in Fighting
  8869 | D:6      | Found a snail-covered altar of Cheibriados.
  8892 | D:6      | Reached skill level 9 in Ranged Weapons
  8945 | D:6      | Noticed Edmund
  8951 | D:6      | Killed Edmund
  8952 | D:6      | Reached skill level 5 in Spellcasting
  8994 | D:6      | Reached * piety under Okawaru
  9020 | D:6      | Killed from afar by an orc wizard

Illustrated notes

Levels and vault maps discovered:
D:1:      dpeg_arrival_oval, layout_loops_ring, basic_ecumenical_altar,
          minivault_23, reono_crystal_passage, minmay_fountain_box
D:2:      layout_loops_ring, grunt_decor_mini_mirrors
D:3:      layout_basic, serial_shops, nicolae_shop_window_shopping
D:4:      layout_cave_pods
D:5:      layout_loops_ring, zin_scriptorium, minmay_temple_entry_hall,
          minmay_manual_moon
D:6:      layout_loops_ring, lemuel_zombie_altar_yredelemnul,
          lemuel_crystal_altar, pdpol_wu_jian_five_deadly_venoms, uniq_edmund
Temple:   eino_wide_crystal_templ

Skill      XL: |  1  2  3  4  5  6  7  8 |
---------------+-------------------------+-----
Spellcasting   | 1 2 3 4 5 |  5.4
Fighting       | 2 3 4 5 |  5.4
Dodging        | 3 4 |  4.1
Ranged Weapons | 5 6 7 9 |  9.7
Stealth        | 2 |  2.9

Action                   |  1- 3 |  4- 6 |  7- 9 || total
-------------------------+-------+-------+-------++-------
 Fire: Shortbow          |   126 |   200 |   195 ||   521
  Use: Scroll            |       |     3 |       ||     3
       Potion            |       |       |     1 ||     1
Armor: Robe              |     8 |     4 |     5 ||    17
Dodge: Dodged            |    98 |    52 |    90 ||   240

Table legend: (Time is in decaauts)
 A = Elapsed time spent in this place.
 B = Non-inter-level travel time spent in this place.
 C = Inter-level travel time spent in this place.
 D = Time resting spent in this place.
 E = Time spent auto-exploring this place.
 F = Levels seen in this place.
 G = Mean time per level.
                   A        B        C        D        E       F      G
               +--------+--------+--------+--------+--------+-----+--------+
         Total |   7243 |   7008 |    235 |   2492 |   3144 |   7 | 1034.7 |
       Dungeon |   7207 |   6976 |    231 |   2492 |   3126 |   6 | 1201.2 |
        Temple |     35 |     32 |      3 |      0 |     17 |   1 |   35.0 |
               +--------+--------+--------+--------+--------+-----+--------+

Top non-repeatable levels by time:
     D:4: 2472 daAuts
     D:1: 1315 daAuts
     D:3: 1307 daAuts
     D:5: 1236 daAuts
     D:2: 709 daAuts
     D:6: 166 daAuts
  Temple: 35 daAuts
